Description

All credits to Zuka! https://lotv.spawningtool.com/build/124462/

This is just this build, but without Archons since I had a problem getting the SALT mod to register them when merged.

Build Order

Get SALT Encoding   

  14  0:17  Pylon  
  15  0:31  Probe (Chrono Boost)  
  16  0:37  Gateway  ( 1. | Scout w/ probe)
  16  0:46  Assimilator  
  17  0:56  Assimilator  
  19  1:10  Gateway  ( 2. | Chrono nexus)
  21  1:28  Cybernetics Core  
  22  1:39  Pylon  ( 2.)
  23  1:56  Warp Gate  
  24  2:04  Stalker x2  (Offensive)
  29  2:16  Pylon  ( 3. at natural)
  30  2:34  Stalker x2  (Defensive)
  34  2:59  Nexus  ( 2.)
  34  3:13  Robotics Facility  
  35  3:21  Pylon  ( 4.)
  36  3:33  Shield Battery  
  38  3:52  Immortal  
  46  4:19  Gateway x2  ( 3. + 4.)
  47  4:29  Assimilator x2  
  47  4:31  Observer  (Scout opponent)
  50  4:42  Twilight Council  
  50  4:44  Immortal  ( 1.)
  57  5:04  Pylon  ( 5. at Natural)
  58  5:09  Zealot x2  
  62  5:18  Charge  
  64  5:31  Templar Archives  
  64  5:32  Immortal  ( 2.)
  70  5:56  Nexus  
  70  6:07  Forge x2  
  70  6:10  High Templar x4  
  74  6:16  Protoss Ground Armor Level 1  
  78  6:22  Protoss Ground Weapons Level 1  
  80  6:31  Gateway  
  81  6:40  Gateway  
  83  6:54  High Templar x2  
  89  7:04  High Templar x2  
  93  7:11  Immortal  ( 3.)
  96  7:17  Gateway x2  
  103  7:35  Zealot x2  
  108  7:44  Protoss Ground Armor Level 2  
  110  7:45  High Templar x2  
  110  7:46  Zealot x2  
  110  7:48  Protoss Ground Weapons Level 2  
  122  7:59  Assimilator x2  
  123  8:09  Zealot x2  
  127  8:19  Gateway x2  
  128  8:28  Zealot x2  
  152  8:57  Warp Prism  
  169  9:33  Observer  
Spawning Tool Build Advisor. Get it on Overwolf

Go to:

Details

  • Created by: system33
  • Published on: Sep 11, 2020
  • Modified on: Sep 11, 2020
  • Patch: 4.11.0
  • Difficulty: Easy
Show
View Real Time Build Order
Export as new Build Order

Comments (0)

There are no comments. Be the first!

Create an account to comment!